 Dungeon Crawl Stone Soup version 0.31-a0-277-g31ea1f65cc (webtiles) character file.

Game seed: 4685815012006442644

91 LustLizard the Changeling (level 4, 0/30 HPs)
             Began as an Octopode Shapeshifter on July 15, 2023.
             Shot with a sling bullet by a goblin (5 damage)
             ... led by Robin
             ... on level 2 of the Dungeon.
             The game lasted 00:01:38 (1156 turns).

LustLizard the Changeling (Octopode Shapeshifter)   Turns: 1156, Time: 00:01:38

Health: 0/30       AC:  1    Str: 16    XL:     4   Next: 57%
Magic:  4/4        EV: 13    Int: 10    God:
Gold:   35         SH:  0    Dex: 12    Spells: 3/3 levels left

rFire   . .          .
                       - Unarmed
rCold   . . .        (no shield)
rNeg    . . .        (helmet currently unavailable)
rPois   .            (no amulet)
rElec   .            (no ring)
rCorr   .            (no ring)
SInv    .            (no ring)
Will    .....        (no ring)
Stlth   ++           (no ring)
HPRegen 0.25/turn    (no ring)
MPRegen 0.09/turn    (no ring)
                     (no ring)

%: no passive effects
@: beast-form
A: beast (slay +2), almost no armour, amphibious, 8 rings, camouflage 1,
gelatinous body 1, (nimble swimmer 1), tentacles
a: Begin Untransformation


You were on level 2 of the Dungeon.
You were a hulking beast.
You visited 1 branch of the dungeon, and saw 2 of its levels.

You collected 35 gold pieces.

Inventory:

Jewellery
 g - a ring of fire
Talismans
 b - a beast talisman
Scrolls
 d - a scroll of amnesia {unknown}
 f - 3 scrolls of identify {unknown}
 h - a scroll of teleportation {unknown}
Potions
 a - a potion of lignification
 c - a potion of brilliance {unknown}
 e - a potion of might {unknown}


   Skills:
 + Level 2.8 Fighting
 + Level 2.9 Dodging
 + Level 2.8 Unarmed Combat
 + Level 3.4 Shapeshifting


You had 3 spell levels left.
You didn't know any spells.
Your spell library contained the following spells:

 Spells                   Type           Power      Damage    Failure   Level
 Hailstorm                Conj/Ice       0%         3d3       75%         3
 Summon Ice Beast         Ice/Summ       0%         N/A       98%         4
 Simulacrum               Ice/Necr       0%         N/A       100%        6


Dungeon Overview and Level Annotations

Branches:
Dungeon (2/15)

Altars:

Annotations:
D:2 Robin


Innate Abilities, Weirdness & Mutations

You are a hulking beast.
Your limbs bulge with bestial killing power. (Slay +2)
You cannot wear most types of armour.
You are amphibious.
You can wear up to eight rings at the same time.
Your skin changes colour to match your surroundings (Stealth+).
Your rubbery body absorbs attacks. (AC +1, EV +1)
((You are camouflaged when in or above water. (Stealth+)))
You have tentacles for arms and can constrict up to eight enemies at once.


Message History

You kill the goblin!
Robin and 4 goblins come into view.
The goblin shouts! x4; You hear a shout! x2
Robin roars a battlecry!
The goblins go into a battle-frenzy!
The goblin hits you with a +0 club!
The goblin shouts!
You see here a +0 dagger.
The goblin attacks as you move away! The goblin hits you with a +0 club.
You hear a shout!
You miss the goblin. Your grab misses the goblin.
The goblin closely misses you.
You closely miss the goblin. Your grab misses the goblin.
The goblin hits you with a +0 club.
You bludgeon the goblin!
You kill the goblin!
You barely miss the goblin. Your grab misses the goblin.
The goblin hits you with a +0 dagger.
You closely miss the goblin. Your grab misses the goblin.
The goblin hits you with a +0 dagger.
You tentacle-slap the goblin.
You kill the goblin!
Robin throws the goblin at you!
The goblin unwields a +0 club.
The goblin wields a +0 sling.
The goblin shoots a sling bullet.
The sling bullet barely misses you. The goblin closely misses you.
You hear a shout!
Items here: ))) ††.
The goblin attacks as you move away! The goblin misses you.
You tentacle-slap the goblin.
You kill the goblin!
A goblin comes into view. It is wielding a +0 club.
The goblin shoots a sling bullet.
The sling bullet hits you.
The goblin shoots a sling bullet.
The sling bullet barely misses you.
The goblin no longer looks unusually strong.
The goblin shoots a sling bullet.
The sling bullet hits you.
* * * LOW HITPOINT WARNING * * *
The goblin shoots a sling bullet.
The sling bullet hits you.
* * * LOW HITPOINT WARNING * * *
The goblin shoots a sling bullet.
The sling bullet hits you.
You die...

### #.#### ###.##.#
..#....#
#.#..#.###### #
#.#......)gg#
#.#.#.h..####g#
#.#.#.##### .#
#....<....# gg
#############.#####.#
.#g
...............>..#
##.#
#############.#.....#
# #<#..#### ..# .#
### .#


You could see 2 goblins.

Vanquished Creatures
  Natasha (D:2)
  2 adders (D:2)
  2 dart slugs (D:2)
  5 ball pythons
  4 bats
  6 endoplasms
  A giant cockroach (D:1)
  11 goblins
  4 hobgoblins
  A frilled lizard (D:1)
  2 kobolds (D:1)
  3 rats
42 creatures vanquished.

Notes
Turn   | Place    | Note
-------+----------+-------------------------------------------
     0 | D:1      | LustLizard the Octopode Shapeshifter began the quest for
                  | the Orb.
     0 | D:1      | Reached XP level 1. HP: 14/14 MP: 1/1
   115 | D:1      | Reached XP level 2. HP: 16/19 MP: 2/2
   526 | D:1      | Reached XP level 3. HP: 19/25 MP: 3/3
   879 | D:2      | Noticed Natasha
   888 | D:2      | Killed Natasha
   889 | D:2      | Reached XP level 4. HP: 28/30 MP: 4/4
  1141 | D:2      | Noticed Robin
  1156 | D:2      | Shot with a sling bullet by a goblin

Illustrated notes

Levels and vault maps discovered:
D:1:      dpeg_arrival_windows_large_door, layout_basic
D:2:      layout_basic, uniq_robin, uniq_natasha

Action                     |  1- 3 |  4- 6 || total
---------------------------+-------+-------++-------
  Melee: Unarmed           |    59 |    17 ||    76
         Constrict         |    13 |     3 ||    16
         Tentacles         |     8 |     2 ||    10
         Punch             |     1 |     1 ||     2
   Stab: Sleeping          |     6 |     3 ||     9
 Armour: Skin              |     2 |     1 ||     3
  Dodge: Dodged            |    27 |     7 ||    34

Table legend: (Time is in decaauts)
 A = Elapsed time spent in this place.
 B = Non-inter-level travel time spent in this place.
 C = Inter-level travel time spent in this place.
 D = Time resting spent in this place.
 E = Time spent auto-exploring this place.
 F = Levels seen in this place.
 G = Mean time per level.
                   A        B        C        D        E       F      G
               +--------+--------+--------+--------+--------+-----+--------+
         Total |   1152 |   1122 |     30 |      0 |    912 |   2 |  576.0 |
       Dungeon |   1152 |   1122 |     30 |      0 |    912 |   2 |  576.0 |
               +--------+--------+--------+--------+--------+-----+--------+

Top non-repeatable levels by time:
     D:1: 714 daAuts
     D:2: 438 daAuts
